 Dungeon Crawl Stone Soup version 0.17-a0-1133-gfb1399f (webtiles) character file.

3567 onwiheg the Basher (level 10, -3/67 HPs)
             Began as a Formicid Gladiator on May 25, 2015.
             Was a Believer of Okawaru.
             Slain by a yak (10 damage)
             ... on level 8 of the Dungeon.
             The game lasted 00:22:47 (7430 turns).

onwiheg the Basher (Formicid Gladiator)             Turns: 7430, Time: 00:22:47

Health: -3/67      AC: 13    Str: 28    XL:     10   Next: 30%
Magic:  0/10       EV:  9    Int:  8    God:    Okawaru [**....]
Gold:   421        SH:  0    Dex: 11    Spells: 0 memorised, 9 levels left

rFire  . . .     SeeInvis +     a - +0 flail
rCold  . . .     Clarity  .     s - +0 chain mail
rNeg   . . .     SustAt   +     (no shield)
rPois  +         Gourm    .     (helmet unavailable)
rElec  .         Spirit   +     E - +1 cloak {rPois}
rCorr  .         Warding  .     i - +1 pair of gloves
rMut   .         Stasis   +     M - +0 pair of boots
MR     +....                    j - amulet of guardian spirit
Stlth  ..........               N - ring of sustain attributes
                                L - +5 ring of strength

@: very slightly contaminated, invisible, somewhat resistant to hostile
enchantments, extremely unstealthy
A: permanent stasis, dig shafts and tunnels, four strong arms, antennae 3
a: Dig, Shaft Self, Heroism, Renounce Religion


You were on level 8 of the Dungeon.
You worshipped Okawaru.
Okawaru was pleased with you.
You were not hungry.

You visited 2 branches of the dungeon, and saw 9 of its levels.

You collected 421 gold pieces.

Inventory:

Hand weapons
 a - a +0 flail (weapon)
 F - a +2 whip of flaming
Missiles
 h - 34 poisoned needles
 A - 5 curare-tipped needles
 Q - 4 throwing nets (quivered)
Armour
 b - a +0 leather armour
 i - a +1 pair of gloves (worn)
 s - a +0 chain mail (worn)
 E - a +1 cloak of poison resistance (worn)
 M - a +0 pair of boots (worn)
Jewellery
 j - an amulet of guardian spirit (around neck)
 L - a +5 ring of strength (left hand)
 N - a ring of sustain attributes (right hand)
Magical devices
 q - a wand of fire (0)
 D - a wand of lightning (0)
 I - a wand of invisibility (1)
 O - a wand of random effects (27)
 P - a wand of frost (21)
Scrolls
 e - 2 scrolls of amnesia {unknown}
 f - 4 scrolls of teleportation {unknown}
 k - 3 scrolls of identify {unknown}
 v - 3 scrolls of remove curse {unknown}
 y - a scroll of random uselessness {unknown}
 C - a scroll of fog {unknown}
 S - a scroll of fear {unknown}
 T - a scroll of magic mapping {unknown}
Potions
 g - a potion of cure mutation {unknown}
 m - 2 potions of magic {unknown}
 n - a potion of poison {unknown}
 o - 2 potions of flight {unknown}
 p - 3 potions of heal wounds {unknown}
 t - a potion of degeneration {unknown}
 u - a potion of curing {unknown}
 w - a potion of berserk rage {unknown}
 z - a potion of agility {unknown}
 B - a potion of resistance {unknown}
 G - a potion of brilliance {unknown}
 J - a potion of invisibility
 K - a potion of haste {unknown}
Books
 H - a book of the Dragon

   Spells                             Type                      Level
   a - Flame Tongue                   Conjuration/Fire             1
   b - Cause Fear                     Hexes                        4
   c - Bolt of Fire                   Conjuration/Fire             6
   d - Dragon Form                    Transmutation                7
   e - Dragon's Call                  Summoning                    9
Comestibles
 c - 2 chunks of flesh
 d - 9 bread rations
 l - a slice of pizza
 r - a meat ration
 x - 2 fruits
 R - 6 beef jerkies


   Skills:
 - Level 2.1 Fighting
 + Level 13.8 Maces & Flails
 - Level 1.5 Throwing
 - Level 2.6 Dodging


You had 9 spell levels left.
You didn't know any spells.

Dungeon Overview and Level Annotations

Branches:
Dungeon (8/15)             Temple (1/1) D:7
   Lair: D:8-11

Altars:
Ashenzari
Cheibriados
Elyvilon
Fedhas
Gozag
Kikubaaqudgha
Makhleb
Nemelex Xobeh
Okawaru
Qazlal
Trog
Zin
The Shining One


Innate Abilities, Weirdness & Mutations

You are under a permanent stasis effect.
You can dig through walls and to a lower floor.
Your four strong arms can wield two-handed weapons with a shield.
You have a pair of large antennae on your head (SInv).


Message History

The yak gores you but does no damage.
You sock the yak!
The yak is heavily wounded.
The yak closely misses you.
You hit the yak.
The yak is heavily wounded.
You catch the helpless yak completely off-guard!
You hit the yak but do no damage.
The yak is heavily wounded.
The yak gores you but does no damage.
You hit the yak.
The yak is heavily wounded.
The yak gores you but does no damage.
You catch the helpless yak completely off-guard!
You thump the yak!
The yak is severely wounded.
There is a stone staircase leading up, spattered with blood here.
You see here a river rat corpse.
The yak gores you!
You die...

.. ...###...#....
.###.##...##........
.#............#....
... ...#..........###
...###.#..#.....#...#
.P.............#..#.#
P$....P.....).[#..#.#
.P..r.(.......†Y....#
P..r..P.#.....>#@.###
.P..PP.Pr.†...<#.<####
####..P...r....###†#.#
{ +.?.PP......# ##(##
#...........# ###
#.P.P.##.#### {
.PPP..##.# ..PP.......
P..P...###..{


You could see a yak.

Vanquished Creatures
  Pikel (D:6)
  A yak (D:8)
  A hungry ghost (D:8)
  2 hippogriffs
  4 slaves (D:6)
  2 orc warriors
  8 ogres
  A phantom (D:7)
  2 crocodiles
  The ghost of Howbazah the Conjurer, an average DECj of Fedhas (D:4)
  2 giant frogs (D:7)
  The ghost of 4thArraOfDagon the Skirmisher, a weakling CeAK of Lugonu (D:5)
  A scorpion (D:4)
  7 wights
  A crimson imp (D:8)
  A centaur zombie (D:8)
  2 hounds (D:4)
  Crazy Yiuf (D:5)
  3 orc priests
  2 giant frog skeletons
  An orc wizard (D:5)
  2 worker ants
  2 centaur skeletons
  Terence (D:3)
  Natasha (thrice) (D:3)
  2 iguanas
  A hound skeleton (D:4)
  4 river rats (D:8)
  A shadow imp (D:5)
  15 adders
  An adder zombie (D:7)
  An ooze (D:3)
  2 adder skeletons
  4 worms
  6 giant geckos
  26 orcs
  A ball python (D:1)
  16 bats
  7 giant cockroaches
  8 goblins
  12 hobgoblins
  4 jackals (D:6)
  A quokka (D:7)
  A giant gecko zombie (D:7)
  6 giant newts
  13 kobolds
  16 rats
  A fungus (D:5)
202 creatures vanquished.

Vanquished Creatures (others)
  A centaur (D:6)
  4 toadstools (D:1)
5 creatures vanquished.

Grand Total: 207 creatures vanquished

Notes
Turn   | Place    | Note
--------------------------------------------------------------
     0 | D:1      | onwiheg the Formicid Gladiator began the quest for the Orb.
     0 | D:1      | Reached XP level 1. HP: 16/16 MP: 1/1
    67 | D:1      | Reached XP level 2. HP: 19/22 MP: 2/2
   380 | D:1      | Reached skill level 4 in Maces & Flails
   380 | D:1      | Reached XP level 3. HP: 19/27 MP: 3/3
  1296 | D:2      | Reached XP level 4. HP: 30/33 MP: 4/4
  1702 | D:3      | Reached skill level 5 in Maces & Flails
  1911 | D:3      | Reached XP level 5. HP: 31/38 MP: 3/5
  1939 | D:3      | Noticed Natasha
  1955 | D:3      | Killed Natasha
  1966 | D:3      | Noticed Terence
  1990 | D:3      | Killed Terence
  2058 | D:3      | Reached skill level 6 in Maces & Flails
  2175 | D:3      | Noticed Natasha
  2200 | D:3      | Killed Natasha
  2219 | D:3      | Noticed Natasha
  2230 | D:3      | Killed Natasha
  2230 | D:3      | Reached XP level 6. HP: 41/44 MP: 6/6
  2404 | D:4      | Found an opulent altar of Gozag.
  2429 | D:4      | Found a sparkling altar of Nemelex Xobeh.
  2699 | D:4      | Reached skill level 7 in Maces & Flails
  2839 | D:4      | Reached XP level 7. HP: 43/50 MP: 5/7
  2845 | D:4      | Noticed Howbazah's ghost (average DECj)
  2868 | D:4      | Killed Howbazah's ghost
  3141 | D:4      | Found a white marble altar of Elyvilon.
  3141 | D:4      | Found a bloodstained altar of Trog.
  3171 | D:4      | Found a burning altar of Makhleb.
  3322 | D:4      | Reached skill level 8 in Maces & Flails
  3554 | D:5      | Entered Level 5 of the Dungeon
  3685 | D:4      | Reached XP level 8. HP: 6/56 MP: 1/8
  4231 | D:5      | Reached skill level 9 in Maces & Flails
  4235 | D:5      | Noticed 4thArraOfDagon's ghost (weakling CeAK)
  4248 | D:5      | Killed 4thArraOfDagon's ghost
  4497 | D:5      | Noticed Crazy Yiuf
  4513 | D:5      | Killed Crazy Yiuf
  4568 | D:6      | Noticed Pikel
  4789 | D:6      | Killed Pikel
  4789 | D:6      | Reached skill level 10 in Maces & Flails
  4789 | D:6      | Reached XP level 9. HP: 61/61 MP: 9/9
  5227 | D:6      | Reached skill level 11 in Maces & Flails
  5694 | D:7      | Found a staircase to the Ecumenical Temple.
  5707 | Temple   | Entered the Ecumenical Temple
  5849 | Temple   | Became a worshipper of Warmaster Okawaru
  5958 | D:7      | Reached skill level 12 in Maces & Flails
  6873 | D:7      | Acquired Okawaru's first power
  6888 | D:7      | Reached XP level 10. HP: 54/67 MP: 7/10
  6906 | D:7      | Reached skill level 13 in Maces & Flails
  7430 | D:8      | Slain by a yak

Vault maps used:
D:1:      ldierk_walled_garden_2
D:2:      st_stairs_12
D:3:      uniq_terence, uniq_natasha
D:4:      old_standard_altar, overflow_temple_1_default,
          nemelex_xobeh_ov_fountains_minmay, gammafunk_temple_overflow_elements,
          first_bread
D:5:      uniq_crazy_yiuf_cottage
D:6:      grunt_ministairs_5, uniq_pikel
D:7:      minmay_temple_entry_grid, grunt_ogre_cave, minmay_holes
D:8:      lemuel_round_altar, vehumet_statue, grunt_lair_entry_elf_guard_hut
Temple:   minmay_temple_curvy_8

Action                   |  1- 3 |  4- 6 |  7- 9 | 10-12 || total
-------------------------+-------+-------+-------+-------++-------
Melee: Flail             |   103 |   247 |   457 |   140 ||   947
Throw: Throwing net      |       |       |     7 |     2 ||     9
 Abil: Dig               |       |       |     7 |     2 ||     9
Evoke: Wand              |       |     2 |     5 |     1 ||     8
 Stab: Sleeping          |       |     1 |       |       ||     1
       Held in net/web   |       |       |     6 |       ||     6
       Invisible         |       |       |       |     3 ||     3
  Eat: Chunk             |     1 |     6 |    12 |     4 ||    23
       Beef jerky        |       |       |     1 |       ||     1
